 Dungeon Crawl Stone Soup version 0.25-a0-108-gda8bd6cf83 (webtiles) character file.

Game seed: 17998274786704645289, levelgen mode: deterministic

6332 MrRokkomies the Jinx (level 10, 0/73 HPs)
             Began as a Vampire Enchanter on Nov 18, 2019.
             Was an Initiate of Sif Muna.
             Slain by Gastronok (30 damage)
             ... on level 8 of the Dungeon.
             The game lasted 00:45:18 (8369 turns).

MrRokkomies the Jinx (Vampire Enchanter)            Turns: 8369, Time: 00:45:18

Health: 0/73       AC:  9    Str:  7    XL:     10   Next: 64%
Magic:  12/13      EV:  9    Int: 23    God:    Sif Muna [......]
Gold:   412        SH:  4    Dex: 16    Spells: 3/13 levels left

rFire    . . .     SeeInvis +   a - +6 quick blade
rCold    . . .     Gourm    .   x - +1 buckler of Henede {rPois rN+}
rNeg     + . .     Faith    .   c - +0 ring mail
rPois    +         Spirit   .   j - +1 helmet {Int+3}
rElec    .         Reflect  .   r - +0 cloak
rCorr    .         Harm     .   (no gloves)
MR       +....                  g - +0 pair of boots
Stlth    ++++......             (no amulet)
HPRegen  0.42/turn              d - ring of wizardry
MPRegen  0.13/turn              (no ring)

@: regenerating quickly
A: no food, fangs 3, see invisible, unbreathing
a: Exsanguinate, Renounce Religion


You were on level 8 of the Dungeon.
You worshipped Sif Muna.
Sif Muna was noncommittal.
You were alive.

You visited 2 branches of the dungeon, and saw 9 of its levels.
You also visited: Bailey.

You collected 412 gold pieces.

Inventory:

Hand Weapons
 a - a +6 quick blade (weapon)
Missiles
 e - 196 stones
 l - 58 poisoned darts
 p - 14 boomerangs (quivered)
 s - 2 throwing nets
 w - 6 atropa-tipped darts
Armour
 c - a +0 ring mail (worn)
 g - a +0 pair of boots (worn)
 j - a +1 helmet of intelligence (worn)
 r - a +0 cloak (worn)
 x - the +1 buckler of Henede (worn) {rPois rN+}
   (You acquired it on level 7 of the Dungeon)

   It protects you from poison.
   It protects you from negative energy.
Jewellery
 d - a ring of wizardry (left hand)
 u - the ring "Azun" {rF+ rN+ Int+2}
   (You took it off an orc warrior in a bailey)

   [ring of protection from fire]

   It affects your intelligence (+2).
   It protects you from fire.
   It protects you from negative energy.
Wands
 b - a wand of scattershot (3)
 n - a wand of disintegration (3)
Scrolls
 o - 5 scrolls of enchant armour
 y - a scroll of remove curse
 A - a scroll of teleportation
Potions
 f - a potion of ambrosia
 h - 2 potions of brilliance
 i - a potion of mutation {unknown}
 k - 3 potions of heal wounds
 m - 3 potions of might
 q - a potion of magic {unknown}
 t - 2 potions of agility
 v - 2 potions of haste {unknown}
 z - a potion of resistance {unknown}


   Skills:
 * Level 4.3 Fighting
 - Level 10.0 Short Blades
 * Level 3.9 Throwing
 - Level 2.1 Dodging
 + Level 11.8 Stealth
 - Level 2.0 Spellcasting
 - Level 13.0 Hexes


You had 3 spell levels left.
You knew the following spells:

 Your Spells              Type           Power        Failure   Level  Hunger
a - Corona                Hex            ######.      1%          1    N/A
b - Ensorcelled Hibernat  Hex/Ice        ####..       3%          2    N/A
c - Confuse               Hex            ######..     1%          3    N/A
d - Tukima's Dance        Hex            ######..     1%          3    N/A
e - Confusing Touch       Hex            ######       1%          1    N/A

Your spell library contained the following spells:

 Spells                   Type           Power        Failure   Level  Hunger
 Dazzling Spray           Conj/Hex       ####..       6%          3    N/A
 Gell's Gravitas          Tloc           #.........   63%         3    N/A
 Metabolic Englaciation   Hex/Ice        ####......   47%         5    N/A
 Yara's Violent Unravell  Hex/Tmut       ####......   47%         5    N/A
 Petrify                  Tmut/Erth      #.......     95%         4    N/A

Dungeon Overview and Level Annotations

Branches:
Dungeon (8/15)             Temple (1/1) D:7          Bailey (visited)
   Lair: D:8-11

Altars:
Ashenzari
Cheibriados
Dithmenos
Elyvilon
Fedhas
Gozag
Kikubaaqudgha
Makhleb
Nemelex Xobeh
Okawaru
Qazlal
Ru
Sif Muna
Trog
Uskayaw
Vehumet
Xom
Yredelemnul
Zin
The Shining One

Shops:
D:4 (

Annotations:
D:7 1 exclusion
D:8 Gastronok


Innate Abilities, Weirdness & Mutations

You do not eat.
Your natural rate of healing is unusually fast.
You have razor-sharp teeth.
You have supernaturally acute eyesight. (SInv)
You can survive without breathing.


Message History

Your hands begin to glow red.
Gastronok bites you!!
You hit Gastronok but do no damage. You hit Gastronok but do no damage.
You bite Gastronok, but do no damage. You hit Gastronok but do no damage.
You hit Gastronok but do no damage. You bite Gastronok, but do no damage.
You hit Gastronok but do no damage. Gastronok bites you!!
You are too injured to fight recklessly!
You are too injured to fight recklessly!
You are too injured to fight recklessly!
You are too injured to fight recklessly!
You hit Gastronok but do no damage. You hit Gastronok but do no damage.
You hit Gastronok but do no damage. You hit Gastronok but do no damage.
You hit Gastronok but do no damage. You hit Gastronok but do no damage.
You bite Gastronok, but do no damage. You hit Gastronok but do no damage.
Gastronok appears confused.
Gastronok bites you!!
You die...

...# # #......
.....#.#.##......
.>...............
..##.............
#.##.............
#.##.......######
#.##.......#
######w##.......#
#....@..#.......#
#.####..#..)....######
###..........†..........
.......)..#)......######
.......[..#.......#
.......)..#.###.###
..........#+# #.#
............. #.#
...%..........#.#


You could see Gastronok (confused).

Vanquished Creatures
  Pikel (D:6)
  Joseph (D:8)
  3 hippogriffs
  A hungry ghost (D:7)
  A water moccasin (D:8)
  14 orc warriors
  A sky beast (D:5)
  2 slaves (D:6)
  An ice beast (D:6)
  An ogre (D:5)
  3 centaurs
  A big kobold (D:6)
  3 bullfrogs
  3 scorpions
  5 wights (D:8)
  10 killer bees
  A centaur zombie (D:5)
  2 crimson imps
  4 hounds
  8 orc priests
  3 jellies
  2 iguanas
  13 orc wizards
  6 worker ants
  A hound skeleton (D:4)
  A worker ant zombie (D:8)
  8 gnolls (Bailey)
  12 adders
  2 adder zombies
  An adder skeleton (D:7)
  4 worms
  4 dart slugs
  5 leopard geckos
  47 orcs
  6 bats
  3 giant cockroaches
  13 goblins
  20 hobgoblins
  21 jackals
  11 kobolds
  4 quokkas
  2 ball pythons (D:4)
  2 frilled lizards
  A jackal skeleton (D:4)
  A jackal zombie (D:5)
  A quokka skeleton (D:8)
  7 rats
267 creatures vanquished.

Vanquished Creatures (collateral kills)
  An ogre (D:7)
  6 orc warriors
  An orc priest (D:7)
  A howler monkey skeleton (D:7)
  2 gnolls (Bailey)
  7 orcs
  5 goblins (Bailey)
  3 hobgoblins (Bailey)
26 creatures vanquished.

Vanquished Creatures (others)
  2 dancing weapons
  A slave (D:6)
  A bullfrog (D:6)
  An orc (D:6)
5 creatures vanquished.

Grand Total: 298 creatures vanquished

Notes
Turn   | Place    | Note
-------+----------+-------------------------------------------
     0 | D:1      | MrRokkomies the Vampire Enchanter began the quest for the
                  | Orb.
     0 | D:1      | Reached XP level 1. HP: 13/13 MP: 3/3
   216 | D:1      | Reached XP level 2. HP: 19/19 MP: 5/5
   231 | D:1      | Learned a level 2 spell: Ensorcelled Hibernation
   557 | D:2      | Found a glowing golden altar of the Shining One.
   632 | D:2      | Reached skill level 5 in Hexes
   777 | D:2      | Reached XP level 3. HP: 21/24 MP: 6/6
   943 | D:2      | Reached skill level 5 in Stealth
  1128 | D:2      | Reached XP level 4. HP: 30/30 MP: 7/7
  1516 | D:3      | Learned a level 3 spell: Confuse
  1759 | D:3      | Reached skill level 6 in Hexes
  2293 | D:4      | Reached XP level 5. HP: 32/35 MP: 8/8
  2418 | D:4      | Found Foujang's Weapon Shoppe.
  2483 | D:4      | Reached skill level 7 in Hexes
  2483 | D:4      | Reached XP level 6. HP: 12/41 MP: 7/9
  2707 | D:4      | Found a glowing silver altar of Zin.
  2859 | D:5      | Entered Level 5 of the Dungeon
  2882 | D:5      | Noticed an orc warrior
  2971 | D:5      | Learned a level 3 spell: Tukima's Dance
  2990 | D:5      | Killed an orc warrior
  2990 | D:5      | Reached skill level 5 in Short Blades
  2990 | D:5      | Reached skill level 8 in Hexes
  2990 | D:5      | Reached XP level 7. HP: 30/46 MP: 4/10
  3032 | D:5      | Noticed a hippogriff
  3121 | D:5      | Killed a hippogriff
  3121 | D:5      | Reached skill level 9 in Hexes
  3397 | D:5      | Reached XP level 8. HP: 31/52 MP: 11/11
  3827 | D:5      | Found a bloodstained altar of Trog.
  3913 | D:5      | Identified a scroll of acquirement
  4041 | D:6      | Noticed Pikel
  4102 | D:6      | Killed Pikel
  4102 | D:6      | Reached skill level 10 in Hexes
  4134 | D:6      | Found a shimmering altar of Xom.
  4227 | D:6      | Reached skill level 11 in Hexes
  4312 | D:6      | Learned a level 1 spell: Confusing Touch
  4368 | D:6      | Reached XP level 9. HP: 54/57 MP: 7/12
  4860 | D:7      | Found a staircase to the Ecumenical Temple.
  5071 | D:6      | Reached skill level 12 in Hexes
  5168 | D:7      | Found a flagged portal.
  5176 | D:7      | Reached skill level 10 in Stealth
  5182 | Bailey   | Entered a bailey
  5592 | Bailey   | Reached skill level 13 in Hexes
  5961 | Bailey   | Noticed an orc warlord
  5963 | Bailey   | Reached skill level 1 in Fighting
  5964 | Bailey   | Reached skill level 1 in Throwing
  5964 | Bailey   | Reached XP level 10. HP: 65/65 MP: 13/13
  5964 | Bailey   | Reached skill level 10 in Short Blades
  6096 | Bailey   | Identified the ring "Azun" {rF+ rN+ Int+2}
  6159 | D:7      | Got a transparent buckler
  6170 | D:7      | Identified the +1 buckler of Henede {rPois rN+} (You
                  | acquired it on level 7 of the Dungeon)
  6368 | D:7      | Noticed a five-headed hydra
  6368 | D:7      | Noticed a two-headed ogre
  6455 | D:7      | Found a sacrificial altar of Ru.
  6536 | Temple   | Entered the Ecumenical Temple
  7213 | D:7      | Found a burning altar of Makhleb.
  7622 | D:8      | Noticed Joseph
  7819 | D:8      | Noticed Gastronok
  7881 | D:8      | Killed Joseph
  8202 | D:8      | Found a shimmering blue altar of Sif Muna.
  8208 | D:8      | Became a worshipper of Sif Muna the Loreminder
  8216 | D:8      | Found a snail-covered altar of Cheibriados.
  8369 | D:8      | Slain by Gastronok

Levels and vault maps discovered:
D:1:      grunt_arrival_lava_bath, layout_basic
D:2:      layout_loops_corners, overflow_temple_1_default, first_ration
D:3:      layout_basic
D:4:      layout_rooms, kennysheep_mini, serial_shops,
          nicolae_shop_temple_entry_statues_fountains
D:5:      layout_basic, lightli_temple_of_fire
D:6:      layout_cave_pods, basic_altar, uniq_pikel
D:7:      minmay_the_grid_triangle_9x9_rhombus_thin
          [minmay_the_grid_triangle_9x9_empty,
          minmay_the_grid_triangle_9x9_prize_insulated,
          minmay_the_grid_triangle_9x9_warning,
          minmay_the_grid_triangle_9x9_cache], layout_loops_ring,
          nicolae_ru_awakened_eye, nicolae_overflow_hidden_temple,
          minmay_temple_entry_arrows, enter_bailey_2, grunt_ogre_cave
D:8:      layout_basic, lemuel_round_altar, cheibriados_altar_1,
          grunt_ministairs_6, uniq_joseph, uniq_gastronok
Temple:   oiseaux_autumnal_temple

Skill      XL: |  1  2  3  4  5  6  7  8  9 10 |
---------------+-------------------------------+-----
Short Blades   | 2 3 4 5 6 8 9 10 | 10.0
Hexes          | 5 6 7 8 9 11 13 | 13.0
Stealth        | 5 6 7 9 10 11 | 11.8
Fighting       | 1 4 |  4.3
Throwing       | 1 3 |  3.9
Dodging        | |  2.1
Spellcasting   | |  2.0

Action                   |  1- 3 |  4- 6 |  7- 9 | 10-12 || total
-------------------------+-------+-------+-------+-------++-------
Melee: Dagger            |    22 |       |       |       ||    22
       Short sword       |    70 |   145 |   531 |    10 ||   756
       Bite              |     2 |     5 |    40 |    19 ||    66
       Quick blade       |       |       |       |   294 ||   294
Throw: Dart              |       |       |     2 |       ||     2
       Boomerang         |       |       |       |     9 ||     9
 Cast: Confuse           |       |     5 |    11 |     4 ||    20
       Ensorcelled Hiber |       |     1 |    11 |    19 ||    31
       Tukima's Dance    |       |     1 |    16 |     8 ||    25
       Confusing Touch   |       |       |     1 |     2 ||     3
Evoke: Wand              |       |       |     3 |     7 ||    10
  Use: Scroll            |     4 |     7 |     9 |     3 ||    23
       Potion            |       |     2 |       |       ||     2
 Stab: Sleeping          |     4 |     5 |    14 |    16 ||    39
       Distracted        |     1 |       |       |     2 ||     3
       Confused          |       |     4 |     4 |     3 ||    11
Armor: Robe              |     3 |       |       |       ||     3
       Ring mail         |    29 |    50 |   163 |    49 ||   291
Dodge: Dodged            |    46 |    60 |   148 |    62 ||   316
Block: Buckler           |     4 |    27 |    77 |    34 ||   142

Table legend:
 A = Non-vault XP
 B = Vault XP
 C = Vault XP percentage of total XP
 D = Non-vault monster count
 E = Vault monster count
 F = Vault count percentage of total count
                 A         B        C        D         E       F
            +---------+---------+-------+---------+---------+-------
      Total |    5059 |    3988 |  44.1 |     212 |      80 |  27.4
            +---------+---------+-------+---------+---------+-------
        D:1 |      14 |       0 |   0.0 |       7 |       0 |   0.0
        D:2 |     104 |       0 |   0.0 |      29 |       0 |   0.0
        D:3 |      64 |       0 |   0.0 |      19 |       0 |   0.0
        D:4 |     322 |       0 |   0.0 |      18 |       0 |   0.0
        D:5 |    1077 |       0 |   0.0 |      30 |       0 |   0.0
        D:6 |    1209 |     567 |  31.9 |      40 |       1 |   2.4
        D:7 |    1252 |     588 |  32.0 |      42 |       8 |  16.0
        D:8 |    1017 |     813 |  44.4 |      27 |       4 |  12.9
     Bailey |       0 |    2020 | 100.0 |       0 |      67 | 100.0
            +---------+---------+-------+---------+---------+-------
